 Dungeon Sprint DCSS version bcrawl-1.40.3b (webtiles) character file.

Game seed: 12993622454841180427

1565589 petercordia the Wrestler (level 14, -24/127 HPs)
             Began as a Ghoul Fighter on Mar 8, 2024.
             Was the Champion of Makhleb.
             Annihilated by a rockslime (38 damage)
             ... in the Dungeon (Sprint IX: "|||||||||||||||||||||||||||||").
             The game lasted 00:13:19 (4304 turns).

petercordia the Wrestler (Ghoul Fighter)            Turns: 4304, Time: 00:13:20

Health: -24/127    AC: 24    Str: 26    XL:     14   Next: 21%
Magic:  14/14      EV: 11    Int:  6    God:    Makhleb [******]
Gold:   733        SH: 15    Dex: 12    Spells: 13/13 levels left

rFire    . . .     GDR:     35%   - Fists (49.5)
rCold    + . .     SeeInvis .   T - +1 medium shield {AC+3}
rNeg     + . .     Gourm    .   Q - +2 chain mail {MR+}
rPois    +         Faith    .   o - +0 helmet
rElec    .         Spirit   .   B - +0 cloak
rCorr    .         Reflect  .   E - +0 pair of gloves
MR       +++..     NoTele   +   p - +0 pair of boots
Stlth    ..........             (no amulet)
HPRegen  0.31/turn              H - ring of Xom's Vengeance {Ice MR+}
MPRegen  0.14/turn              G - ring of protection from fire

@: can't hop, quick
A: claws 1, carnivore, speed 1, negative energy resistance 1, poison resistance,
partial torment resistance, strong legs 1
a: Hop, Minor Destruction, Hew, Major Destruction, Greater Servant of Makhleb,
Renounce Religion


You were in the Dungeon.
You worshipped Makhleb.
Makhleb was exalted by your worship.
You were not hungry.

You visited 1 branch You collected 1900 gold pieces.
You spent 1167 gold pieces at shops.

Inventory:

Missiles
 F - 3 throwing nets {=f}
Armour
 a - a +0 scale mail
 b - a +0 medium shield
 o - a +0 helmet (worn)
 p - a +0 pair of boots (worn)
 s - a +1 scale mail
 z - a +0 plate armour
 B - a +0 cloak (worn)
 D - a +3 plate armour of poison resistance
 E - a +0 pair of gloves (worn)
 K - a +0 helmet of see invisible
 L - a +1 pair of gloves
 M - the cursed +0 buckler "Pioxob" {MR+++ MP-9 Dex-4 Slay+4}
   (You found it in the Dungeon)

   It affects your dexterity (-4).
   It affects your accuracy and damage with ranged weapons and melee attacks
   (+4).
   It affects your resistance to hostile enchantments.
   It affects your magic capacity (-9).
   It has a curse placed upon it.
 N - the +8 chain mail of the Pits of Slime {*Slow rCorr Int+10 Dex-5}
   (You found it in the Dungeon)

   It affects your intelligence (+10).
   It affects your dexterity (-5).
   It provides partial protection from all sources of acid and corrosion.
   It may slow you when you take damage.
 Q - a +2 chain mail of magic resistance (worn)
 R - +0 shadow dragon scales
 S - a +0 medium shield of reflection
 T - a +1 medium shield of protection (worn)
Jewellery
 q - a +2 ring of evasion
 r - a +2 ring of protection
 t - an uncursed amulet of faith
 G - a ring of protection from fire (right hand)
 H - the ring of Xom's Vengeance (left hand) {Ice MR+}
   (You found it in the Dungeon)

   [ring of ice]

   It enhances your ice magic.
   It makes you vulnerable to fire.
   It protects you from cold.
   It affects your resistance to hostile enchantments.
 I - an uncursed ring of see invisible
 J - an uncursed ring of protection from cold
Wands
 n - a wand of acid (10)
Scrolls
 i - 2 scrolls of identify
 j - 7 scrolls of blinking
 l - 5 scrolls of remove curse
 m - 2 scrolls of amnesia
 w - 2 scrolls of enchant weapon
 x - 4 scrolls of enchant armour
 y - 4 scrolls of fear
 C - a scroll of torment
Potions
 c - 2 potions of might
 f - 4 potions of heal wounds
 g - a potion of haste
 h - 4 potions of magic
 k - a potion of brilliance
 u - a potion of lignification
 v - 2 potions of berserk rage
 A - 6 potions of curing
 O - 2 potions of mutation
 P - a potion of resistance
Comestibles
 d - 5 chunks of flesh
 e - 9 rations {!d}


   Skills:
 + Level 12.6 Fighting
 + Level 13.8 Armour
 + Level 10.0 Dodging
 + Level 13.7 Shields
 + Level 25.4 Unarmed Combat


You had 13 spell levels left.
You didn't know any spells.
Your spell library was empty.

Dungeon Overview and Level Annotations

Branches:
Dungeon (1/1)

Altars:
Cheibriados
Dithmenos
Gozag
Hepliaklqana
Kikubaaqudgha
Lugonu
Makhleb
Nemelex Xobeh
Okawaru
Qazlal
Ru
Sif Muna
Trog
Uskayaw
Vehumet
Wu Jian
Xom
Yredelemnul
Jiyva

Shops:
D (?[[


Innate Abilities, Weirdness & Mutations

Eating raw meat heals you.
You have sharp fingernails.
You are carnivorous and can eat meat at any time.
You cover ground quickly.
You resist negative energy. (rN+)
Your system is resistant to poisons. (rPois)
You are less affected by unholy pain and torment.
You can hop short distances.


Message History

You stumble backwards!
The rockslime hits you!!
You hold your ground!
You punch the rockslime!
The rockslime is moderately damaged.
Okay, then.
Unknown command.
Unknown command.
Okay, then.
You block the rockslime's attack. The rockslime hits you.
You stumble backwards!
The rockslime hits you!!
* * * LOW HITPOINT WARNING * * *
You stumble backwards!
The rockslime closely misses you.
The rockslime appears confused.
Press: ? - help, v - describe, . - travel
Here: a rockslime (lightly damaged, confused) Unknown command.
Unknown command.
The rockslime seems less confused.
The rockslime hits you!!!
You die...

▓▓▓▓▓▓▓▓▓▓▓▓▓▓▓▓▓▓▓▓
...▓..)▓...▓...▓...▓
.▓.▓.▓.▓.▓.▓.▓.▓.▓.▓
.▓.▓.▓.▓.▓.▓.▓.▓J▓J▓
.▓.▓.▓.▓.▓.▓.▓.▓@▓.▓
.▓.▓.▓.▓.▓.▓.▓.▓.▓.▓
.▓.▓.▓.▓.▓.▓.▓.▓.▓u▓
.▓.▓.▓.▓.▓.▓.▓.▓.▓.▓
.▓'▓)▓.▓.▓.▓.▓.▓.▓.▓
.▓.▓.▓.▓.▓.▓.▓.▓.▓.▓
.▓.▓.▓.▓.▓'▓.▓.▓.▓C▓
.▓.▓.▓.▓.▓.▓.▓.▓.▓.▓
.▓.▓.▓.▓.▓.▓.▓.▓.▓.▓


You could see a rockslime.

Vanquished Creatures
  Frances (D)
  A thorn hunter (D)
  Kirke (D)
  A nagaraja (D)
  Donald (D)
  A fire giant (D)
  An emperor scorpion (D)
  A spark wasp (D)
  2 ettins (D)
  A merfolk impaler (D)
  Josephine (D)
  2 rakshasas (D)
  Harold (D)
  An ice dragon (D)
  An alligator snapping turtle (D)
  A tengu warrior (D)
  An ogre mage (D)
  A sea snake (D)
  A shock serpent (D)
  A centaur warrior (D)
  A skeletal warrior (D)
  A glowing orange brain (D)
  A swamp dragon (D)
  2 lindwurms (D)
  A necromancer (D)
  3 wolf spiders (D)
  10 orc knights (D)
  2 deep elf magi (D)
  2 naga magi (D)
  An orc sorcerer (D)
  4 merfolk sirens (D)
  Joseph (D)
  3 cane toads (D)
  A kobold demonologist (D)
  3 demonic crawlers (D)
  A yaktaur (D)
  A meliai (D)
  A snapping turtle (D)
  5 tyrant leeches (D)
  A blink frog (D)
  A slime creature (D)
  A hippogriff (D)
  A yak (D)
  A tarantella (D)
  5 wraiths (D)
  A basilisk (D)
  A vampire mosquito (D)
  A redback (D)
  3 crocodiles (D)
  2 water moccasins (D)
  4 porcupines (D)
  A swamp drake (D)
  12 orc warriors (D)
  A black bear (D)
  An ogre (D)
  3 kobold brigands (D)
  4 bullfrogs (D)
  A centaur (D)
  A scorpion (shapeshifter) (D)
  A scorpion (D)
  An orc priest (D)
  A crimson imp (D)
  A jelly (D)
  A hound (D)
  8 orc wizards (D)
  A worker ant (D)
  3 worms (D)
  A leopard gecko (D)
  7 orcs (D)
  A bat (D)
  A goblin (D)
  A hobgoblin (D)
  A quokka (D)
  A ball python zombie (D)
  A quokka skeleton (D)
  A rat (D)
144 creatures vanquished.

Vanquished Creatures (others)
  A spatial maelstrom (D)
  A salamander mystic (D)
  2 naga magi (D)
  A naga (D)
5 creatures vanquished.

Grand Total: 149 creatures vanquished

Notes
Turn   | Place    | Note
-------+----------+-------------------------------------------
     0 | D        | petercordia the Ghoul Fighter began the quest for the Orb.
     0 | D        | Reached XP level 1. HP: 19/19 MP: 1/1
    11 | D        | Reached skill level 3 in Unarmed Combat
    14 | D        | Reached skill level 4 in Unarmed Combat
    17 | D        | Reached XP level 2. HP: 16/26 MP: 2/2
    22 | D        | Banished a spatial maelstrom
    32 | D        | Noticed a kobold brigand
    32 | D        | Noticed a kobold brigand
    32 | D        | Noticed a scorpion
    53 | D        | Killed a kobold brigand
    54 | D        | Reached skill level 5 in Unarmed Combat
    54 | D        | Reached skill level 5 in Fighting
    54 | D        | Reached XP level 3. HP: 21/36 MP: 3/3
    54 | D        | Reached XP level 4. HP: 25/42 MP: 4/4
    65 | D        | Killed a kobold brigand
    66 | D        | Reached skill level 1 in Dodging
    66 | D        | Reached skill level 6 in Unarmed Combat
    66 | D        | Reached XP level 5. HP: 40/51 MP: 5/5
    70 | D        | Reached skill level 5 in Armour
    70 | D        | Reached skill level 5 in Shields
    70 | D        | Reached skill level 7 in Unarmed Combat
    79 | D        | Found a roughly hewn altar of Beogh.
    79 | D        | Found a snail-covered altar of Cheibriados.
    79 | D        | Found a shadowy altar of Dithmenos.
    79 | D        | Found a white marble altar of Elyvilon.
    79 | D        | Found a blossoming altar of Fedhas.
    79 | D        | Found an opulent altar of Gozag.
    80 | D        | Found a hazy altar of Hepliaklqana.
    81 | D        | Found a viscous altar of Jiyva.
    82 | D        | Found an ancient bone altar of Kikubaaqudgha.
    83 | D        | Found a corrupted altar of Lugonu.
    84 | D        | Found a burning altar of Makhleb.
    85 | D        | Found a sparkling altar of Nemelex Xobeh.
    86 | D        | Found an iron altar of Okawaru.
    87 | D        | Found a stormy altar of Qazlal.
    88 | D        | Found a sacrificial altar of Ru.
    89 | D        | Found a shimmering blue altar of Sif Muna.
    90 | D        | Found a bloodstained altar of Trog.
    91 | D        | Found a hide-covered altar of Uskayaw.
    92 | D        | Became a worshipper of Makhleb the Destroyer
    93 | D        | Found a radiant altar of Vehumet.
    94 | D        | Found an ornate altar of the Wu Jian Council.
    95 | D        | Found a shimmering altar of Xom.
    96 | D        | Found a basalt altar of Yredelemnul.
    97 | D        | Found a glowing silver altar of Zin.
    98 | D        | Found a glowing golden altar of the Shining One.
   149 | D        | Noticed a wraith
   149 | D        | Noticed a kobold brigand
   149 | D        | Noticed an ogre
   149 | D        | Noticed a bullfrog
   169 | D        | Killed a wraith
   170 | D        | Reached skill level 8 in Unarmed Combat
   170 | D        | Reached XP level 6. HP: 33/61 MP: 6/6
   174 | D        | Reached * piety under Makhleb
   175 | D        | Reached skill level 9 in Unarmed Combat
   179 | D        | Reached XP level 7. HP: 46/69 MP: 7/7
   181 | D        | Reached ** piety under Makhleb
   197 | D        | Noticed a centaur warrior
   197 | D        | Noticed a yaktaur
   197 | D        | Noticed a skeletal warrior
   206 | D        | Killed a centaur warrior
   207 | D        | Reached skill level 11 in Unarmed Combat
   207 | D        | Reached XP level 8. HP: 57/78 MP: 8/8
   215 | D        | Killed a yaktaur
   215 | D        | Reached *** piety under Makhleb
   216 | D        | Reached skill level 12 in Unarmed Combat
   234 | D        | Killed a skeletal warrior
   235 | D        | Reached skill level 13 in Unarmed Combat
   235 | D        | Reached XP level 9. HP: 31/85 MP: 9/9
   278 | D        | Noticed Josephine
   298 | D        | Killed Josephine
   298 | D        | Reached **** piety under Makhleb
   299 | D        | Reached skill level 5 in Dodging
   299 | D        | Reached skill level 14 in Unarmed Combat
   307 | D        | Reached skill level 10 in Fighting
   321 | D        | Reached skill level 15 in Unarmed Combat
   409 | D        | Reached ***** piety under Makhleb
   410 | D        | Reached XP level 10. HP: 93/93 MP: 10/10
   462 | D        | Noticed a cane toad
   468 | D        | Reached skill level 16 in Unarmed Combat
   474 | D        | Killed a cane toad
   474 | D        | Reached ****** piety under Makhleb
   551 | D        | Noticed a lindwurm
   575 | D        | Reached skill level 17 in Unarmed Combat
   585 | D        | Reached skill level 10 in Armour
   596 | D        | Killed a lindwurm
   597 | D        | Reached XP level 11. HP: 70/100 MP: 11/11
   601 | D        | Noticed a lindwurm
   611 | D        | Killed a lindwurm
   700 | D        | Noticed Joseph
   715 | D        | Killed Joseph
   758 | D        | Noticed an ettin
   764 | D        | Killed an ettin
   765 | D        | Reached skill level 18 in Unarmed Combat
   836 | D        | Noticed an orc sorcerer
   846 | D        | Noticed an orc knight
   851 | D        | Killed an orc sorcerer
   852 | D        | Reached skill level 10 in Shields
  1260 | D        | Killed an orc knight
  1261 | D        | Reached skill level 19 in Unarmed Combat
  1285 | D        | Found Siugi's Weapon Emporium.
  1285 | D        | Noticed an orc knight
  1285 | D        | Noticed an orc knight
  1285 | D        | Noticed an orc knight
  1286 | D        | Noticed an orc knight
  1288 | D        | Noticed an orc knight
  1291 | D        | Killed an orc knight
  1297 | D        | Killed an orc knight
  1298 | D        | Noticed an orc knight
  1618 | D        | Killed an orc knight
  1788 | D        | Killed an orc knight
  1868 | D        | Killed an orc knight
  1929 | D        | Killed an orc knight
  1930 | D        | Reached skill level 20 in Unarmed Combat
  1964 | D        | Found Junuyx's Magic Scroll Shoppe.
  1968 | D        | Found Jugadud's Antique Armour Emporium.
  1972 | D        | Found Naalyckuh's Armour Shoppe.
  1975 | D        | Noticed an orc knight
  1976 | D        | Noticed an orc knight
  1977 | D        | Noticed an orc knight
  1988 | D        | Killed an orc knight
  1989 | D        | Reached XP level 12. HP: 90/110 MP: 12/12
  2027 | D        | Bought a scroll of torment for 82 gold pieces
  2027 | D        | Bought 3 scrolls of blinking for 247 gold pieces
  2027 | D        | Bought a scroll of blinking for 82 gold pieces
  2027 | D        | Bought a scroll of fear for 55 gold pieces
  2029 | D        | Bought a runed plate armour for 598 gold pieces
  2039 | D        | Bought a pair of gloves for 103 gold pieces
  2111 | D        | Noticed Harold
  2121 | D        | Killed Harold
  2170 | D        | Got the ring of Xom's Vengeance {Ice MR+}
  2201 | D        | Got the cursed +0 buckler "Pioxob" {MR+++ MP-9 Dex-4
                  | Slay+4}
  2203 | D        | Got the +8 chain mail of the Pits of Slime {*Slow rCorr
                  | Int+10 Dex-5}
  2265 | D        | Noticed a tengu warrior
  2272 | D        | Killed a tengu warrior
  2290 | D        | Reached skill level 21 in Unarmed Combat
  2297 | D        | Noticed an ogre mage
  2310 | D        | Noticed a rakshasa
  2320 | D        | Killed an ogre mage
  2322 | D        | Noticed an ettin
  2323 | D        | Noticed an ice dragon
  2346 | D        | Killed a rakshasa
  3191 | D        | Killed an ettin
  3344 | D        | Killed an ice dragon
  3345 | D        | Reached skill level 22 in Unarmed Combat
  3427 | D        | Noticed Donald
  3441 | D        | Killed Donald
  3555 | D        | Noticed Frances
  3631 | D        | Killed Frances
  3632 | D        | Reached XP level 13. HP: 62/117 MP: 13/13
  3756 | D        | Noticed a merfolk impaler
  3806 | D        | Reached skill level 23 in Unarmed Combat
  3829 | D        | Killed a merfolk impaler
  3863 | D        | Noticed a thorn hunter
  3884 | D        | Killed a thorn hunter
  3915 | D        | Noticed an emperor scorpion
  4002 | D        | Killed an emperor scorpion
  4003 | D        | Reached skill level 24 in Unarmed Combat
  4086 | D        | Noticed a rakshasa
  4086 | D        | Noticed a nagaraja
  4098 | D        | Killed a rakshasa
  4104 | D        | Killed a nagaraja
  4110 | D        | Reached XP level 14. HP: 90/127 MP: 14/14
  4160 | D        | Noticed Kirke
  4169 | D        | Killed Kirke
  4170 | D        | Reached skill level 25 in Unarmed Combat
  4267 | D        | Noticed a fire giant
  4267 | D        | Noticed a rockslime
  4267 | D        | Noticed a green very ugly thing
  4277 | D        | Noticed a fire giant
  4284 | D        | Killed a fire giant
  4285 | D        | Reached skill level 10 in Dodging
  4304 | D        | Annihilated by a rockslime

Skill      XL: |  1  2  3  4  5  6  7  8  9 10 11 12 13 14 |
---------------+-------------------------------------------+-----
Unarmed Combat | 4 5 6 8 9 11 13 15 17 20 22 24 25 | 25.4
Fighting       | 5 6 8 9 10 11 12 | 12.6
Armour         | 4 6 7 8 9 10 12 13 | 13.8
Shields        | 3 4 5 6 7 8 9 10 12 13 | 13.7
Dodging        | 1 2 3 4 5 6 7 8 9 10 | 10.0

Action                   |  1- 3 |  4- 6 |  7- 9 | 10-12 | 13-15 || total
-------------------------+-------+-------+-------+-------+-------++-------
Melee: Unarmed           |    31 |    43 |    76 |   435 |   212 ||   797
 Abil: Hop               |       |       |       |     5 |     1 ||     6
  Use: Potion            |       |     2 |       |       |     1 ||     3
 Stab: Invisible         |       |     5 |       |       |       ||     5
       Confused          |       |       |       |       |     1 ||     1
  Eat: Chunk             |     2 |     2 |    14 |    19 |    16 ||    53
       Ration            |       |       |       |     1 |       ||     1
Armor: Scale mail        |     8 |    12 |    12 |    34 |       ||    66
       Chain mail        |       |       |       |    38 |    60 ||    98
Dodge: Dodged            |     1 |     8 |    13 |    71 |    42 ||   135
Block: Medium shield     |    11 |    13 |    17 |   140 |    81 ||   262
